cohdb
Replays
Latest Replays
All Replays
Popular Replays
Top Player Replays
Match Explorer
How It Works
Community
CoH3 Stats
Reddit
Sign in to upload your games and track your stats! →
Sign in with Steam
Match 29176577
Unlisted
Match 29176577
Overview
Messages
Build Orders
End
Panzergrenadier Squad
250 Light Carrier
Construct Light Support Kompanie
MG34 Team
Assault Grenadier Squad
Combat Half-tracks
Fire Support Elements
2.5-tonne Medical Truck
Flakvierling Half-track
Selects Italian Infantry
Selects Guastatori Squad
Tungsten Core Ammunition
Construct Mechanized Kompanie
Assault Mechanized Group
Selects Defensive Operations
Support Armor Elements
StuG III D Assault Gun
Vehicle Survival Package
2.5-tonne Medical Truck
Marder III Tank Destroyer
le.IG 18 Mechanized Group
Guastatori Squad
Selects Prepared Positions
Construct Panzerarmee Kommand
Walking Stuka Rocket Launcher
Zero
IronDragon
kusi86
huulio|
0
0
Comments
sign in to comment!
No comments posted yet!